Map: Ulrena

Players

zidar - Winner!

  • Race: Zerg Zerg
  • League: Silver
  • Spawn Location: 7:00

William

  • Race: Protoss Protoss
  • League: Silver
  • Spawn Location: 11:00

VOD

Have the link to the VOD?

Description

Time

  • Played on: Nov. 24, 2015, 2:33 p.m.
  • Length: 5:55
Show
View Real Time Build Order
Export as new Build Order

zidar Zerg - Winner!

Build Orders: Pool First 

Get SALT Encoding   

  12  0:01  Drone  
  13  0:15  Overlord  
  13  0:17  Drone  
  14  0:33  Drone x2  
  16  0:37  Drone  
  17  0:48  Drone  
  18  1:07  Spawning Pool  
  17  1:18  Hatchery  
  16  1:19  Extractor, Drone  
  16  1:23  Drone  
  17  1:26  Drone  
  18  1:36  Drone  
  19  1:46  Overlord  
  19  2:01  Queen  
  19  2:08  Drone x2  
  23  2:18  Metabolic Boost  
  23  2:28  Roach Warren  
  22  2:30  Queen  
  23  2:46  Zergling x10  
  28  3:06  Overlord  
  28  3:14  Zergling x2  
  28  3:15  Zergling x10  
  34  3:36  Zergling x6  
  34  3:39  Zergling x2  
  34  3:40  Zergling x6  
  41  3:42  Overlord  
  41  3:44  Zergling x2  
  42  4:02  Zergling x2  
  43  4:03  Zergling x8  
  46  4:33  Zergling x2  
  46  4:34  Zergling x8  
Show
View Real Time Build Order
Export as new Build Order

William Protoss 

Build Orders:  

Get SALT Encoding   

  12  0:01  Probe (Chrono Boost)  
  13  0:12  Probe (Chrono Boost)  
  14  0:22  Probe (Chrono Boost)  
  14  0:24  Pylon  
  16  0:42  Probe (Chrono Boost)  
  16  0:43  Gateway  
  16  0:53  Probe (Chrono Boost)  
  17  0:57  Gateway  
  17  1:06  Pylon  
  17  1:11  Assimilator  
  17  1:30  Zealot  
  19  1:33  Cybernetics Core  
  19  1:42  Gateway  
  19  1:44  Zealot  
  21  1:57  Zealot  
  23  2:11  Warp Gate (Chrono Boost)  
  23  2:13  Forge  
  23  2:14  Adept  
  25  2:20  Assimilator  
  25  2:38  Stalker  
  25  2:41  Adept  
  29  2:48  Pylon  
  29  2:59  Probe  
  30  3:07  Pylon  
  30  3:11  Probe  
  31  3:23  Probe  
  32  3:35  Probe  
  33  3:47  Probe  
  34  3:49  Nexus  
  34  4:00  Photon Cannon  
  34  4:05  Probe  
  35  4:12  Pylon  
  35  4:25  Robotics Facility  
  35  4:32  Pylon  
  35  4:43  Sentry  
  37  4:50  Adept  
  25  4:59  Zealot  
  24  5:10  Zealot  
  24  5:12  Zealot  
  22  5:34  Photon Cannon  
Tags
 
Matchup
PvZ
Opening
Pool First
Spawn Locations
Close Positions
Add a new tag
Caveats
  • Supply blocks, unpowered buildings, or Contaminate may cause inaccurate times.
  • Supply counts are checked every 10 seconds.